 Dungeon Crawl Stone Soup version 0.25-a0-86-ga6f17ae7d4 (webtiles) character file.

Game seed: 5375649422601719267, levelgen mode: deterministic

20 D1HalberdGnoll the Poker (level 2, -2/23 HPs)
             Began as a Merfolk Skald on Nov 9, 2019.
             Slain by a hobgoblin
             ... wielding a +0 mace
              (7 damage)
             ... on level 1 of the Dungeon.
             The game lasted 00:00:41 (379 turns).

D1HalberdGnoll the Poker (Merfolk Skald)             Turns: 379, Time: 00:00:41

Health: -2/23      AC:  3    Str: 11    XL:     2   Next: 79%
Magic:  5/5        EV: 12    Int: 12    God:
Gold:   53         SH:  0    Dex: 13    Spells: 4/5 levels left

rFire    . . .     SeeInvis .   a - +0 spear
rCold    . . .     Gourm    .   (no shield)
rNeg     . . .     Faith    .   b - +0 leather armour
rPois    .         Spirit   .   (no helmet)
rElec    .         Reflect  .   (no cloak)
rCorr    .         Harm     .   (no gloves)
MR       .....                  (no boots)
Stlth    +.........             (no amulet)
HPRegen  0.07/turn              (no ring)
MPRegen  0.09/turn              (no ring)

@: lethally poisoned (-2 -> -7)
A: change form in water, swift swim, stealthy swim
a: no special abilities


You were on level 1 of the Dungeon.
You were not hungry.

You visited 1 branch of the dungeon, and saw 1 of its levels.

You collected 53 gold pieces.

Inventory:

Hand Weapons
 a - a +0 spear (weapon)
Armour
 b - a +0 leather armour (worn)
Scrolls
 c - a scroll of teleportation {unknown}
Comestibles
 d - a ration
 f - 3 chunks of flesh


   Skills:
 + Level 2.5 Fighting
 * Level 3.8 Polearms
 + Level 1.0 Armour
 + Level 3.1 Dodging
 - Level 2.0 Spellcasting
 - Level 3.2 Charms


You had 4 spell levels left.
You knew the following spells:

 Your Spells              Type           Power        Failure   Level  Hunger
a - Infusion              Chrm           #...         10%         1    ##.....

Your spell library contained the following spells:

 Spells                   Type           Power        Failure   Level  Hunger
 Song of Slaying          Chrm           #.......     14%         2    ###....
 Shroud of Golubria       Chrm/Tloc      #.....       28%         2    ###....
 Regeneration             Chrm/Necr      #.........   50%         3    ####...
 Spectral Weapon          Hex/Chrm       #.......     50%         3    ####...


Dungeon Overview and Level Annotations

Branches:
Dungeon (1/15)

Altars:


Message History

The jackal is severely wounded.
The jackal bites you but does no damage.
You hit the jackal.
You kill the jackal!
The hobgoblin throws a poisoned dart.
The poisoned dart closely misses you.
You closely miss the frilled lizard.
* * * LOW HITPOINT WARNING * * *
You feel sick.
The frilled lizard bites you but does no damage.
You barely miss the frilled lizard. The frilled lizard barely misses you.
You hit the frilled lizard.
You kill the frilled lizard!
A jackal comes into view.
You barely miss the hobgoblin.
* * * LOW HITPOINT WARNING * * *
You feel sick.
The jackal barks!
You hear a shout!
The hobgoblin barely misses you.
You hit the hobgoblin but do no damage. The hobgoblin hits you with a +0 mace!
You die...

#........#.#.# #.# .#
#..####.#.⌠.###.⌠ #..
#........#.#.#.# ..#
...#####).#.#.## ..#
##.# ##..###.⌠.## ..#
#.###....#.#.#(##..#
##.......#.###.#(#h.#
.#..###.#.⌠.###.♣g#
.#..# #..#.#.###@#.l#
.#..###..####.####.....
.#........# ⌠.# ..h.##
.#..###.##.# ## .(....
†...# #.# ... ....h..
....# #.# .... .......
..>.....# .#.# #.#..(.
.##..#### #.# .##....


You could see a jackal and a hobgoblin.

Vanquished Creatures
  An ooze (D:1)
  A bat (D:1)
  A giant cockroach (D:1)
  2 goblins (D:1)
  A hobgoblin (D:1)
  5 jackals (D:1)
  A frilled lizard (D:1)
  A rat (D:1)
13 creatures vanquished.

Notes
Turn   | Place    | Note
-------+----------+-------------------------------------------
     0 | D:1      | D1HalberdGnoll the Merfolk Skald began the quest for the
                  | Orb.
     0 | D:1      | Reached XP level 1. HP: 16/16 MP: 3/3
   153 | D:1      | Reached XP level 2. HP: 12/23 MP: 0/5
   340 | D:1      | Reached skill level 1 in Armour
   379 | D:1      | Slain by a hobgoblin

Levels and vault maps discovered:
D:1:      lordsloth_arrival_two_stooges, layout_basic, grunt_decor_mini_mirrors,
          minmay_tall_x

Skill      XL: |  1  2 |
---------------+-------+-----
Dodging        | 3 |  3.1
Armour         | 1 |  1.0
Fighting       | |  2.5
Polearms       | |  3.8
Spellcasting   | |  2.0
Charms         | |  3.2

Action                   || total
-------------------------++-------
Melee: Spear             ||    68
 Cast: Infusion          ||     1
  Use: Potion            ||     1
Armor: Leather armour    ||    18
Dodge: Dodged            ||    49

Table legend:
 A = Non-vault XP
 B = Vault XP
 C = Vault XP percentage of total XP
 D = Non-vault monster count
 E = Vault monster count
 F = Vault count percentage of total count
                 A         B        C        D         E       F
            +---------+---------+-------+---------+---------+-------
      Total |      26 |       3 |  10.3 |      11 |       2 |  15.4
            +---------+---------+-------+---------+---------+-------
        D:1 |      26 |       3 |  10.3 |      11 |       2 |  15.4
            +---------+---------+-------+---------+---------+-------
